 Dungeon Crawl Stone Soup version 0.24-b1 (webtiles) character file.

Game seed: 8394422217462208771, levelgen mode: deterministic

1183 Amen the Magician (level 8, -1/58 HPs)
             Began as a Gnoll Wizard on Oct 13, 2019.
             Was an Initiate of Ashenzari.
             Slain by an orc warrior
             ... wielding a +0 flail
              (24 damage)
             ... on level 5 of the Dungeon.
             The game lasted 00:17:59 (6095 turns).

Amen the Magician (Gnoll Wizard)                    Turns: 6095, Time: 00:18:00

Health: -1/58      AC:  5    Str:  9    XL:     8   Next: 42%
Magic:  19/19      EV: 15    Int: 22    God:    Ashenzari [......]
Gold:   177        SH:  0    Dex: 15    Spells: 11/22 levels left

rFire    . . .     SeeInvis .   K - +9 club
rCold    . . .     Gourm    .   (no shield)
rNeg     . . .     Faith    .   a - +0 robe
rPois    .         Spirit   .   b - +0 hat
rElec    .         Reflect  .   (no cloak)
rCorr    +         Harm     .   y - +2 pair of gloves
MR       +....                  (no boots)
Stlth    +++.......             (no amulet)
HPRegen  0.19/turn              h - ring of resist corrosion (curse)
MPRegen  0.16/turn              D - ring of protection from magic

@: no status effects
A: distributed training, fangs 1, strong nose
a: Curse Item, Renounce Religion


You were on level 5 of the Dungeon.
You worshipped Ashenzari.
Ashenzari was noncommittal.
You were not hungry.

You visited 1 branch of the dungeon, and saw 6 of its levels.

You collected 177 gold pieces.

Inventory:

Hand Weapons
 c - a +0 dagger
 f - a +0 hunting sling
 t - a +2 mace of crushing
 C - a +0 trident
 K - a +9 club (weapon)
Missiles
 g - 169 stones (quivered)
 J - 31 sling bullets
Armour
 a - a +0 robe (worn)
 b - a +0 hat (worn)
 y - a +2 pair of gloves (worn)
 I - a +0 buckler
Magical Staves
 u - an uncursed staff of air
Jewellery
 e - an uncursed ring of flight
 h - a cursed ring of resist corrosion (left hand)
 l - an uncursed ring of stealth
 w - a +2 ring of dexterity
 D - a ring of protection from magic (right hand)
 N - an uncursed amulet of the gourmand
Wands
 i - a wand of clouds (6)
Scrolls
 k - 2 scrolls of remove curse
 m - a scroll of teleportation {unknown}
 o - 6 scrolls of identify {unknown}
 r - 2 scrolls of fear {unknown}
 v - a scroll of random uselessness {unknown}
 x - 2 scrolls of enchant armour {unknown}
 E - a scroll of magic mapping {unknown}
 F - a scroll of blinking {unknown}
 G - a scroll of immolation {unknown}
 L - a scroll of amnesia {unknown}
Potions
 j - a potion of mutation {unknown}
 n - 4 potions of magic {unknown}
 p - 5 potions of haste {unknown}
 q - a potion of flight {unknown}
 s - a potion of brilliance {unknown}
 z - a potion of might {unknown}
 A - a potion of degeneration {unknown}
 B - a potion of curing {unknown}
 H - a potion of ambrosia {unknown}
 M - a potion of resistance {unknown}
 O - a potion of heal wounds {unknown}
Comestibles
 d - 11 rations


   Skills:
 + Level 3.2 Fighting
 + Level 3.2 Short Blades
 + Level 3.2 Long Blades
 + Level 3.2 Axes
 + Level 3.2 Maces & Flails
 + Level 3.2 Polearms
 + Level 3.2 Staves
 + Level 3.2 Slings
 + Level 3.2 Bows
 + Level 3.2 Crossbows
 + Level 3.2 Throwing
 + Level 3.2 Armour
 + Level 5.6 Dodging
 + Level 5.3 Stealth
 + Level 3.2 Shields
 + Level 3.2 Unarmed Combat
 + Level 7.9 Spellcasting
 + Level 3.4 Conjurations
 + Level 2.6 Hexes
 + Level 2.6 Charms
 + Level 3.4 Summonings
 + Level 2.6 Necromancy
 + Level 3.4 Translocations
 + Level 2.6 Transmutations
 + Level 2.6 Fire Magic
 + Level 2.6 Ice Magic
 + Level 2.6 Air Magic
 + Level 2.6 Earth Magic
 + Level 2.6 Poison Magic
 + Level 3.5 Invocations
 + Level 3.2 Evocations


You had 11 spell levels left.
You knew the following spells:

 Your Spells              Type           Power        Failure   Level  Hunger
a - Magic Dart            Conj           ###.         1%          1    None
b - Blink                 Tloc           N/A          2%          2    None
c - Call Imp              Summ           ###.....     2%          2    None
d - Conjure Flame         Conj/Fire      ###.....     6%          3    None
e - Mephitic Cloud        Conj/Pois/Air  ###.....     7%          3    None

Your spell library contained the following spells:

 Spells                   Type           Power        Failure   Level  Hunger
 Slow                     Hex            ###.....     3%          2    None


Dungeon Overview and Level Annotations

Branches:
Dungeon (6/15)
 Temple: D:4-7

Altars:
Ashenzari
Fedhas

Shops:
D:5 :   D:6 %

Annotations:
D:3 Sigmund
D:5 Dowan, Duvessa


Innate Abilities, Weirdness & Mutations

Your experience applies equally to all skills.
You have very sharp teeth.
Your uncanny sense of smell can sniff out nearby items.


Message History

You barely miss the orc warrior.
You bite the orc warrior, but do no damage.
The orc warrior is lightly wounded.
The orc warrior completely misses you.
You sock the orc warrior!
The orc warrior is heavily wounded.
The orc warrior closely misses you.
You barely miss the orc warrior.
The orc warrior is heavily wounded.
The orc warrior hits you with a +0 flail!
You closely miss the orc warrior.
The orc warrior is heavily wounded.
The orc warrior completely misses you.
You sock the orc warrior!
The orc warrior is severely wounded.
The orc warrior hits you with a +0 flail.
You barely miss the orc warrior.
The orc warrior is severely wounded.
The orc warrior hits you with a +0 flail!!
You die...

....###...# ....... .............
.#..#....###.................###.
.#....#...##..#...#.....#.... ##
..#...........#......#..###......
...................e #... # #....
..#.......#........#.#..# #....
..##......#.............## #....
.........#.......o.......####....
.......####.....@....#.#..##.....
.##......##.........####.........
.#...##.......##...####..........
.##..#.......##....###h..........
..#...........##....<............
....###................#.........
....###.............#..##.......#
...................##..###.....##
...............#...#....#.......#


You could see Duvessa and an orc warrior.

Vanquished Creatures
  A black bear (D:6)
  2 ogres (D:4)
  3 scorpions
  A water moccasin skeleton (D:4)
  A crimson imp (D:5)
  3 hounds (D:4)
  4 orc wizards
  3 bullfrog skeletons (D:5)
  2 orc priests (D:3)
  Ijyb (D:5)
  Jessica (D:3)
  A worker ant (D:5)
  An iguana (D:5)
  8 gnolls
  3 adders
  A shadow imp (D:6)
  3 worms
  7 leopard geckos
  17 orcs
  8 bats
  A giant cockroach (D:3)
  18 goblins
  7 hobgoblins
  15 jackals
  9 kobolds
  2 quokkas
  A ball python (D:2)
  5 frilled lizards
  A jackal skeleton (D:6)
  9 rats
139 creatures vanquished.

Notes
Turn   | Place    | Note
-------+----------+-------------------------------------------
     0 | D:1      | Amen the Gnoll Wizard began the quest for the Orb.
     0 | D:1      | Reached XP level 1. HP: 13/13 MP: 8/8
   167 | D:1      | Reached XP level 2. HP: 19/19 MP: 1/10
   751 | D:1      | Reached XP level 3. HP: 25/25 MP: 11/11
   755 | D:1      | Learned a level 2 spell: Blink
   758 | D:1      | Learned a level 2 spell: Call Imp
   762 | D:1      | Learned a level 3 spell: Conjure Flame
   766 | D:1      | Learned a level 3 spell: Mephitic Cloud
  1216 | D:2      | Reached skill level 1 in Invocations
  1263 | D:2      | Reached skill level 1 in Fighting
  1263 | D:2      | Reached skill level 1 in Short Blades
  1263 | D:2      | Reached skill level 1 in Long Blades
  1263 | D:2      | Reached skill level 1 in Axes
  1263 | D:2      | Reached skill level 1 in Maces & Flails
  1263 | D:2      | Reached skill level 1 in Polearms
  1263 | D:2      | Reached skill level 1 in Staves
  1263 | D:2      | Reached skill level 1 in Slings
  1263 | D:2      | Reached skill level 1 in Bows
  1263 | D:2      | Reached skill level 1 in Crossbows
  1263 | D:2      | Reached skill level 1 in Throwing
  1263 | D:2      | Reached skill level 1 in Armour
  1263 | D:2      | Reached skill level 1 in Shields
  1263 | D:2      | Reached skill level 1 in Unarmed Combat
  1263 | D:2      | Reached skill level 1 in Evocations
  1276 | D:2      | Reached XP level 4. HP: 32/32 MP: 4/13
  1807 | D:3      | Reached skill level 1 in Hexes
  1807 | D:3      | Reached skill level 1 in Charms
  1807 | D:3      | Reached skill level 1 in Necromancy
  1807 | D:3      | Reached skill level 1 in Transmutations
  1807 | D:3      | Reached skill level 1 in Fire Magic
  1807 | D:3      | Reached skill level 1 in Ice Magic
  1807 | D:3      | Reached skill level 1 in Air Magic
  1807 | D:3      | Reached skill level 1 in Earth Magic
  1807 | D:3      | Reached skill level 1 in Poison Magic
  2067 | D:3      | Reached XP level 5. HP: 15/37 MP: 8/14
  2577 | D:3      | Reached XP level 6. HP: 42/44 MP: 13/16
  2875 | D:3      | Noticed Sigmund
  3413 | D:3      | Reached skill level 5 in Dodging
  3425 | D:3      | Noticed Jessica
  3428 | D:3      | Killed Jessica
  3773 | D:4      | Reached XP level 7. HP: 46/50 MP: 18/18
  4105 | D:4      | Found a blossoming altar of Fedhas.
  4309 | D:4      | Reached skill level 5 in Stealth
  4423 | D:5      | Entered Level 5 of the Dungeon
  4468 | D:5      | Noticed Ijyb
  4486 | D:5      | Killed Ijyb
  4486 | D:5      | Reached XP level 8. HP: 57/57 MP: 1/19
  4993 | D:5      | Found Ocvul's Book Emporium.
  5027 | D:5      | Noticed Duvessa
  5027 | D:5      | Noticed Dowan
  5531 | D:6      | Found Daotig's Food Boutique.
  5987 | D:6      | Found a shattered altar of Ashenzari.
  5993 | D:6      | Became a worshipper of Ashenzari the Shackled
  6095 | D:5      | Slain by an orc warrior

Skill      XL: |  1  2  3  4  5  6  7  8 |
---------------+-------------------------+-----
Conjurations   | 2 3 |  3.4
Summonings     | 2 3 |  3.4
Translocations | 2 3 |  3.4
Invocations    | 1 2 3 |  3.5
Fighting       | 1 2 3 |  3.2
Short Blades   | 1 2 3 |  3.2
Long Blades    | 1 2 3 |  3.2
Axes           | 1 2 3 |  3.2
Maces & Flails | 1 2 3 |  3.2
Polearms       | 1 2 3 |  3.2
Staves         | 1 2 3 |  3.2
Slings         | 1 2 3 |  3.2
Bows           | 1 2 3 |  3.2
Crossbows      | 1 2 3 |  3.2
Throwing       | 1 2 3 |  3.2
Armour         | 1 2 3 |  3.2
Shields        | 1 2 3 |  3.2
Unarmed Combat | 1 2 3 |  3.2
Evocations     | 1 2 3 |  3.2
Hexes          | 1 2 |  2.6
Charms         | 1 2 |  2.6
Necromancy     | 1 2 |  2.6
Transmutations | 1 2 |  2.6
Fire Magic     | 1 2 |  2.6
Ice Magic      | 1 2 |  2.6
Air Magic      | 1 2 |  2.6
Earth Magic    | 1 2 |  2.6
Poison Magic   | 1 2 |  2.6
Dodging        | 5 |  5.6
Stealth        | 5 |  5.3
Spellcasting   | |  7.9

Action                   |  1- 3 |  4- 6 |  7- 9 || total
-------------------------+-------+-------+-------++-------
Melee: Unarmed           |     9 |       |       ||     9
       Dagger            |     1 |       |       ||     1
       Staff             |       |    11 |       ||    11
       Mace              |       |    42 |       ||    42
       Bite              |       |     5 |     4 ||     9
       Punch             |       |     1 |     1 ||     2
       Trident           |       |       |    14 ||    14
       Club              |       |       |    27 ||    27
 Fire: Hunting sling     |    20 |    34 |    50 ||   104
 Cast: Magic Dart        |    58 |   105 |   147 ||   310
       Conjure Flame     |       |     3 |     2 ||     5
       Mephitic Cloud    |       |     5 |     3 ||     8
       Blink             |       |     2 |     1 ||     3
 Stab: Sleeping          |     1 |       |       ||     1
       Confused          |       |     4 |       ||     4
  Eat: Chunk             |     1 |     7 |     8 ||    16
Armor: Robe              |     3 |     7 |    20 ||    30
Dodge: Dodged            |    13 |    39 |   106 ||   158
